Map: Catalyst LE

Players

BobbyAwesome - Winner!

  • Race: Protoss Protoss
  • League: Diamond
  • Spawn Location: 11:00

troutmouth

  • Race: Terran Terran
  • League: Diamond
  • Spawn Location: 5:00

VOD

Have the link to the VOD?

Description

Time

  • Played on: May 18, 2018, 3:09 a.m.
  • Length: 7:21
Show
View Real Time Build Order
Export as new Build Order

BobbyAwesome Protoss - Winner!

Build Orders:  

Get SALT Encoding   

  12  0:01  Probe  
  13  0:14  Pylon  
  13  0:20  Assimilator  
  13  0:33  Gateway, Probe  
  13  0:41  Probe  
  15  0:51  Probe  
  16  1:03  Gateway, Probe  
  17  1:15  Probe  
  18  1:20  Cybernetics Core  
  20  1:25  Zealot  
  20  1:30  Probe  
  21  1:37  Pylon  
  21  1:45  Probe  
  22  1:48  Stalker  
  22  1:49  Stalker  
  26  2:03  Warp Gate  
  26  2:08  Assimilator  
  26  2:18  Zealot  
  26  2:19  Zealot  
  30  2:30  Probe  
  31  2:48  Twilight Council  
  31  3:00  Pylon  
  31  3:11  Charge  
  31  3:16  Probe  
  30  3:24  Zealot  
  30  3:25  Zealot  
  34  3:27  Pylon  
  34  3:36  Gateway  
  34  3:45  Robotics Facility, Probe  
  35  4:13  Gateway  
  35  4:15  Zealot x2  
  39  4:18  Pylon  
  39  4:36  Warp Prism  
  41  4:39  Pylon  
  41  4:43  Sentry x3  
  47  5:02  Pylon  
  47  5:12  Observer  
  44  5:50  Zealot x4  
  50  6:12  Stalker x4  
  51  6:43  Zealot x4  
Show
View Real Time Build Order
Export as new Build Order

troutmouth Terran 

Build Orders:  

Get SALT Encoding   

  12  0:01  SCV  
  13  0:13  SCV  
  14  0:17  Supply Depot  
  14  0:25  SCV  
  15  0:39  SCV  
  15  0:40  Barracks  
  16  0:52  SCV  
  17  1:04  SCV  
  18  1:27  Orbital Command  
  18  1:28  Marine  
  18  1:31  Command Center  
  19  1:49  Barracks  
  19  1:50  Barracks  
  19  1:54  SCV  
  19  1:57  Marine  
  21  2:04  Supply Depot  
  21  2:14  SCV  
  22  2:17  Refinery  
  22  2:18  Refinery  
  22  2:28  Marine  
  23  2:30  SCV  
  23  2:44  Marine, Orbital Command, Bunker  
  23  2:46  Marine  
  23  2:49  Marine  
  24  3:02  Marine  
  24  3:04  Marine  
  25  3:11  Marine  
  20  3:20  Marine  
  20  3:22  Marine  
  21  3:29  Marine  
  21  3:32  Bunker  
  22  3:38  Marine  
  22  3:39  Marine  
  22  3:40  SCV  
  25  3:45  SCV  
  25  3:48  Barracks Tech Lab  
  26  3:52  SCV  
  27  3:57  SCV  
  27  4:07  Marauder  
  27  4:08  SCV  
  27  4:09  SCV  
  31  4:20  SCV  
  31  4:21  SCV  
  31  4:23  Bunker  
  33  4:30  Factory  
  33  4:32  SCV  
  33  4:33  SCV  
  35  4:44  SCV  
  37  4:45  SCV  
  37  4:57  SCV x2  
  37  4:59  Stimpack  
  39  5:09  SCV x2, Engineering Bay  
  41  5:15  Widow Mine  
  41  5:21  SCV  
  44  5:22  SCV, Supply Depot  
  44  5:27  Starport  
  45  5:33  SCV  
  46  5:36  Supply Depot  
  46  5:41  Missile Turret  
  46  5:44  SCV  
  46  5:45  SCV  
  46  5:48  Marine  
  47  5:54  Marine  
  47  5:56  SCV  
  47  5:57  SCV  
  47  6:05  Widow Mine  
  47  6:08  SCV  
  46  6:11  SCV  
  46  6:16  Marine  
  43  6:20  SCV  
  44  6:32  SCV x2  
  21  6:44  SCV x2  
  20  6:56  SCV  
  20  6:57  SCV  
Tags
 
Add a new tag
Caveats
  • Supply blocks, unpowered buildings, or Contaminate may cause inaccurate times.
  • Supply counts are checked every 10 seconds.